 Dungeon Crawl Stone Soup version 0.28-a0-1190-g77e1c55843 (webtiles) character file.

Game seed: 15859781546433704213

3306 Gargoyl the Fighter (level 10, -4/80 HPs)
             Began as a Gnoll Abyssal Knight on Dec 18, 2021.
             Was an Elder of Lugonu.
             Killed by divine providence
             ... invoked by a smoke demon
             ... summoned by a kobold demonologist
              (16 damage)
             ... on level 8 of the Dungeon.
             The game lasted 00:09:24 (9112 turns).

Gargoyl the Fighter (Gnoll Abyssal Knight)          Turns: 9112, Time: 00:09:25

Health: -4/80      AC: 25    Str: 24    XL:     10   Next: 1%
Magic:  17/17      EV:  7    Int:  9    God:    Lugonu [****..]
Gold:   412        SH: 10    Dex: 17    Spells: 18/18 levels left

rFire   + . .      SeeInvis +   x - +5 flail of Votueggo {protect, rF+ rC+ SInv}
rCold   + . .      Faith    .   u - +0 kite shield
rNeg    . . .      Spirit   .   d - +0 plate armour
rPois   .          Reflect  .   k - +2 helmet
rElec   +          Harm     .   l - +0 cloak
rCorr   +          Rampage  .   (no gloves)
Will    .....                   v - +0 pair of boots
Stlth   ..........              (no amulet)
HPRegen 0.23/turn               b - ring "Bifegy" {rCorr Str+6 Dex+5}
MPRegen 0.15/turn               p - +4 ring of slaying

@: under a protective aura
A: fangs 1, strong nose, distributed training, electricity resistance, wild
magic 1
a: Renounce Religion, Depart the Abyss, Bend Space, Banish, Corrupt


You were on level 8 of the Dungeon.
You worshipped Lugonu.
Lugonu was greatly pleased with you.
You visited 1 branch of the dungeon, and saw 8 of its levels.
You visited the Abyss 1 time.

You collected 548 gold pieces.
You spent 136 gold pieces at shops.

Inventory:

Hand Weapons
 a - a +2 hand axe
 f - a +1 spear of freezing
 t - a +5 long sword
 x - the +5 flail of Votueggo (weapon) {protect, rF+ rC+ SInv}
   (You found it on level 7 of the Dungeon)

   It grants its wielder temporary protection when it strikes (+7 to AC).
   rF:        It protects you from fire.
   rC:        It protects you from cold.
   SInv:      It lets you see invisible.
Missiles
 g - 77 poisoned darts (quivered)
Armour
 d - a +0 plate armour (worn)
 k - a +2 helmet (worn)
 l - a +0 cloak (worn)
 u - a +0 kite shield (worn)
 v - a +0 pair of boots (worn)
Jewellery
 b - the ring "Bifegy" (left hand) {rCorr Str+6 Dex+5}
   (You acquired it on level 3 of the Dungeon)

   [ring of strength]

   Str:       It affects your strength (+6).
   Dex:       It affects your dexterity (+5).
   rCorr:     It protects you from acid and corrosion.
 e - a ring of protection from fire
 p - a +4 ring of slaying (right hand)
 C - a +4 ring of protection
Wands
 m - a wand of iceblast (9)
 q - a wand of flame (44)
 r - a wand of paralysis (6)
 w - a wand of acid (15)
Scrolls
 c - 3 scrolls of identify
 i - 5 scrolls of teleportation
 o - 2 scrolls of magic mapping {unknown}
 s - 2 scrolls of fog {unknown}
 y - a scroll of summoning {unknown}
 A - 2 scrolls of amnesia {unknown}
 B - a scroll of immolation {unknown}
Potions
 h - a potion of flight
 j - 2 potions of curing
 n - 3 potions of cancellation
 z - a potion of brilliance {unknown}


   Skills:
 + Level 8.2 Fighting
 + Level 4.8 Short Blades
 + Level 4.8 Long Blades
 + Level 6.7 Axes
 + Level 4.8 Maces & Flails
 + Level 4.8 Polearms
 + Level 4.8 Staves
 + Level 4.8 Slings
 + Level 4.8 Bows
 + Level 4.8 Crossbows
 + Level 4.8 Throwing
 + Level 6.7 Armour
 + Level 5.5 Dodging
 + Level 4.8 Stealth
 + Level 4.8 Shields
 + Level 4.8 Unarmed Combat
 + Level 4.8 Spellcasting
 + Level 4.0 Conjurations
 + Level 4.0 Hexes
 + Level 4.0 Summonings
 + Level 4.0 Necromancy
 + Level 4.0 Translocations
 + Level 4.0 Transmutations
 + Level 4.0 Fire Magic
 + Level 4.0 Ice Magic
 + Level 4.0 Air Magic
 + Level 4.0 Earth Magic
 + Level 4.0 Poison Magic
 + Level 7.1 Invocations
 + Level 4.8 Evocations


You had 18 spell levels left.
You didn't know any spells.
Your spell library contained the following spells:

 Spells                   Type           Power      Damage    Failure   Level
 Apportation              Tloc           24%        N/A       97%         1
 Fulminant Prism          Conj/Hex       6%         3d7       100%        4
 Iskenderun's Mystic Bla  Conj/Tloc      12%        2d5       100%        4
 Alistair's Intoxication  Tmut/Pois      8%         N/A       100%        5
 Lee's Rapid Deconstruct  Erth           6%         3d7*      100%        5


Dungeon Overview and Level Annotations

Branches:
Dungeon (8/15)             Temple (0/1) D:7
   Lair: D:8-11

Altars:
Gozag
Trog

Shops:
D:6 *([   D:8 :

Annotations:
D:8 ChaosChampion's ghost, novice DrTm


Innate Abilities, Weirdness & Mutations

You have very sharp teeth.
Your uncanny sense of smell can sniff out nearby items.
Your experience applies equally to all skills.
You are resistant to electric shocks. (rElec)
Your spells are a little harder to cast, but a little more powerful.


Message History

You block the kobold demonologist's attack.
The kobold brigand hits you but does no damage. x2
You barely miss the kobold demonologist.
Your bite misses the kobold demonologist.
The kobold demonologist is moderately wounded.
ChaosChampion's ghost closely misses you.
You block the kobold demonologist's attack.
The kobold brigand hits you but does no damage.
You block the kobold brigand's attack.
The kobold brigand hits you but does no damage.
You barely miss the kobold demonologist.
The kobold demonologist is moderately wounded.
You block ChaosChampion's ghost's attack.
You block the kobold demonologist's attack.
The kobold brigand barely misses you.
The kobold brigand hits you but does no damage. x2
ChaosChampion's ghost hits you but does no damage.
You closely miss the kobold demonologist.
You bite the kobold demonologist, but do no damage.
The kobold demonologist is moderately wounded.
You block the kobold brigand's attack.
You block the kobold demonologist's attack.
The kobold brigand zaps a wand.
The puff of flame hits you. You resist.
ChaosChampion's ghost hits you but does no damage.
The kobold brigand hits you but does no damage.
The kobold brigand hits you with a +0 short sword.
* * * LOW HITPOINT WARNING * * *
The kobold demonologist hits you but does no damage.
The kobold brigand hits you but does no damage.
You sock the kobold demonologist!
Your weapon exudes an aura of protection.
The kobold demonologist is heavily wounded.
ChaosChampion's ghost hits you!
* * * LOW HITPOINT WARNING * * *
The kobold demonologist hits you but does no damage.
The kobold brigand barely misses you.
The kobold brigand hits you but does no damage.
The smoke demon gestures at you. Something smites you!
You die...

##'### ###....# #.....#
#. #.# #....# #.....#
#. #.# #....# #.....#
#. ##.# #....# #.....#
#. ...# ####.## #.....#
## #### ####.K#####
#.....# #
#...KK3...######### #
#.##KKW##......(.# #
###.KK@.##.#..##8######
#.#KKK#.#.##.........#
#⌠.#.#.⌠#.#8.>.∩.<.8..
#.#...#.####.......###
##.....## ####8####
##...## ### #####


You could see a kobold demonologist, a smoke demon (summoned), 9 kobold brigands
and ChaosChampion's ghost.

Vanquished Creatures
  A troll (D:8)
  The ghost of ChaosChampion the Magician, an amateur DECj (D:3)
  A steam dragon (D:8)
  A water moccasin (D:5)
  2 orc warriors
  An ice beast (D:6)
  A hornet zombie (D:7)
  A black bear (D:7)
  An ogre (D:7)
  A phantom (D:6)
  A kobold brigand (D:6)
  4 bullfrogs
  3 gnoll sergeants
  4 scorpions
  4 killer bees (D:8)
  5 wights
  A bullfrog zombie (D:5)
  2 gnoll shamans
  7 hounds
  2 orc priests
  3 iguanas
  3 orc wizards (D:6)
  A killer bee zombie (D:7)
  2 hound skeletons (D:4)
  A howler monkey skeleton (D:7)
  7 adders
  21 gnolls
  2 white imps
  An ufetubus (D:7)
  A worm (D:2)
  An adder skeleton (D:4)
  2 dart slugs (D:2)
  12 orcs
  7 ball pythons
  10 endoplasms
  3 giant cockroaches
  6 goblins
  4 hobgoblins
  A jackal (D:2)
  12 kobolds
  3 quokkas
  5 bats
  5 frilled lizards
  8 rats
165 creatures vanquished.

Vanquished Creatures (others)
  19 plants
19 creatures vanquished.

Grand Total: 184 creatures vanquished

Notes
Turn   | Place    | Note
-------+----------+-------------------------------------------
     0 | Abyss:1  | Gargoyl the Gnoll Abyssal Knight began the quest for the
                  | Orb.
     0 | Abyss:1  | Reached XP level 1. HP: 23/23 MP: 3/3
   133 | Abyss:1  | Noticed a crimson imp
   144 | Abyss:1  | Noticed a large abomination
   145 | Abyss:1  | Noticed a hellwing
   146 | Abyss:1  | Noticed a raiju
   148 | D:1      | Escaped the Abyss
   518 | D:1      | Reached XP level 2. HP: 20/29 MP: 5/5
   752 | D:1      | Reached * piety under Lugonu
  1130 | D:1      | Found a faded altar of an unknown god.
  1412 | D:2      | Reached XP level 3. HP: 32/35 MP: 6/6
  2259 | D:3      | Reached skill level 1 in Short Blades
  2259 | D:3      | Reached skill level 1 in Long Blades
  2259 | D:3      | Reached skill level 1 in Maces & Flails
  2259 | D:3      | Reached skill level 1 in Polearms
  2259 | D:3      | Reached skill level 1 in Staves
  2259 | D:3      | Reached skill level 1 in Slings
  2259 | D:3      | Reached skill level 1 in Bows
  2259 | D:3      | Reached skill level 1 in Crossbows
  2259 | D:3      | Reached skill level 1 in Throwing
  2259 | D:3      | Reached skill level 1 in Stealth
  2259 | D:3      | Reached skill level 1 in Shields
  2259 | D:3      | Reached skill level 1 in Unarmed Combat
  2259 | D:3      | Reached skill level 1 in Spellcasting
  2259 | D:3      | Reached skill level 1 in Evocations
  2434 | D:3      | Reached XP level 4. HP: 39/41 MP: 7/7
  2446 | D:3      | Reached skill level 1 in Conjurations
  2446 | D:3      | Reached skill level 1 in Hexes
  2446 | D:3      | Reached skill level 1 in Summonings
  2446 | D:3      | Reached skill level 1 in Necromancy
  2446 | D:3      | Reached skill level 1 in Translocations
  2446 | D:3      | Reached skill level 1 in Transmutations
  2446 | D:3      | Reached skill level 1 in Fire Magic
  2446 | D:3      | Reached skill level 1 in Ice Magic
  2446 | D:3      | Reached skill level 1 in Air Magic
  2446 | D:3      | Reached skill level 1 in Earth Magic
  2446 | D:3      | Reached skill level 1 in Poison Magic
  2894 | D:3      | Identified a scroll of acquirement
  2894 | D:3      | Acquired the ring "Bifegy" {rCorr Str+6 Dex+5}
  2997 | D:3      | Noticed a scorpion
  3010 | D:3      | Killed a scorpion
  3011 | D:3      | Reached XP level 5. HP: 15/47 MP: 8/8
  3274 | D:4      | Gained mutation: You are resistant to electric shocks.
                  | (rElec) [potion of mutation]
  3274 | D:4      | Gained mutation: Your spells are a little harder to cast,
                  | but a little more powerful. [potion of mutation]
  3372 | D:4      | Reached ** piety under Lugonu
  3470 | D:4      | Reached skill level 5 in Invocations
  3773 | D:3      | Reached XP level 6. HP: 53/53 MP: 9/9
  3938 | D:3      | Found a runed translucent door.
  3940 | D:3      | Noticed ChaosChampion's ghost (amateur DECj)
  3963 | D:3      | Reached skill level 5 in Axes
  3963 | D:3      | Reached skill level 5 in Armour
  3981 | D:3      | Killed ChaosChampion's ghost
  3982 | D:3      | Reached XP level 7. HP: 42/59 MP: 10/10
  4115 | D:4      | Reached skill level 7 in Fighting
  4345 | D:4      | Identified the +0 ring mail of Ypna {rC++ Will+}
  4811 | D:5      | Entered Level 5 of the Dungeon
  4836 | D:5      | Found a sand-covered staircase.
  5251 | D:5      | Reached XP level 8. HP: 67/67 MP: 12/12
  5324 | D:5      | Found a bloodstained altar of Trog.
  5592 | D:6      | Found Bamug's Weapon Boutique.
  5845 | D:6      | Identified the +6 great mace "Dutiotit" {speed, Dex+2}
  6092 | D:6      | Found Takek's Armour Boutique.
  6189 | D:6      | Found Velioq's Assorted Antiques.
  6197 | D:6      | Reached *** piety under Lugonu
  6261 | D:6      | Bought a scroll of teleportation for 78 gold pieces
  6487 | D:6      | Reached XP level 9. HP: 71/73 MP: 14/14
  6746 | D:7      | Found a staircase to the Ecumenical Temple.
  7022 | D:7      | Found an opulent altar of Gozag.
  7084 | D:7      | Identified the +5 flail of Votueggo {protect, rF+ rC+ SInv}
  7137 | D:6      | Bought a +0 kite shield for 58 gold pieces
  7364 | D:7      | Reached skill level 5 in Dodging
  7638 | D:8      | Found Viurch's Book Shop.
  7643 | D:8      | Found a runed translucent gate.
  7644 | D:8      | Found a runed translucent gate.
  7644 | D:8      | Noticed a kobold demonologist
  7645 | D:8      | Found a runed translucent gate.
  7645 | D:8      | Noticed ChaosChampion's ghost (novice DrTm)
  7678 | D:8      | Reached skill level 8 in Fighting
  8066 | D:8      | Reached **** piety under Lugonu
  8592 | D:8      | Noticed a troll
  8598 | D:8      | Killed a troll
  8599 | D:8      | Reached XP level 10. HP: 48/80 MP: 17/17
  9101 | D:8      | Noticed a smoke demon
  9112 | D:8      | Killed from afar by a smoke demon

Illustrated notes

Levels and vault maps discovered:
D:1:      eino_arrival_tree_alley, layout_loops_ring,
          shapermc_ecumenical_altar_flowoftime
D:2:      layout_rooms, minmay_pentomino_x4
D:3:      layout_basic, ebering_ghost_sewer_d, serial_bayou_lagoon_a,
          nicolae_figureground_sparkle
D:4:      layout_loops_corners
D:5:      layout_rooms, mainiacjoe_overflow_alcove_2, enter_ossuary_1
D:6:      layout_loops_ring, gup_sewer_entry_bowl, serial_shops,
          nicolae_shop_stone, nicolae_shop_temple_entry_statues_fountains,
          nicolae_stop_n_shop_2
D:7:      layout_basic, grunt_gozag_statues, minmay_temple_entry_proselytizer
D:8:      layout_basic, gammafunk_ghost_nasty_kobolds, nicolae_stop_n_shop_2

Skill      XL: |  1  2  3  4  5  6  7  8  9 |
---------------+----------------------------+-----
Short Blades   | 1 2 3 4 |  4.8
Long Blades    | 1 2 3 4 |  4.8
Maces & Flails | 1 2 3 4 |  4.8
Polearms       | 1 2 3 4 |  4.8
Staves         | 1 2 3 4 |  4.8
Slings         | 1 2 3 4 |  4.8
Bows           | 1 2 3 4 |  4.8
Crossbows      | 1 2 3 4 |  4.8
Throwing       | 1 2 3 4 |  4.8
Stealth        | 1 2 3 4 |  4.8
Shields        | 1 2 3 4 |  4.8
Unarmed Combat | 1 2 3 4 |  4.8
Spellcasting   | 1 2 3 4 |  4.8
Evocations     | 1 2 3 4 |  4.8
Conjurations   | 1 2 3 4 |  4.0
Hexes          | 1 2 3 4 |  4.0
Summonings     | 1 2 3 4 |  4.0
Necromancy     | 1 2 3 4 |  4.0
Translocations | 1 2 3 4 |  4.0
Transmutations | 1 2 3 4 |  4.0
Fire Magic     | 1 2 3 4 |  4.0
Ice Magic      | 1 2 3 4 |  4.0
Air Magic      | 1 2 3 4 |  4.0
Earth Magic    | 1 2 3 4 |  4.0
Poison Magic   | 1 2 3 4 |  4.0
Dodging        | 3 4 5 |  5.5
Invocations    | 5 6 7 |  7.1
Axes           | 5 6 |  6.7
Armour         | 5 6 |  6.7
Fighting       | 7 8 |  8.2

Action                   |  1- 3 |  4- 6 |  7- 9 | 10-12 || total
-------------------------+-------+-------+-------+-------++-------
Melee: Hand axe          |   104 |   138 |   106 |       ||   348
       Bite              |    11 |    18 |    36 |     2 ||    67
       Punch             |       |     1 |     2 |       ||     3
       Great mace        |       |       |    65 |       ||    65
       Flail             |       |       |    97 |    12 ||   109
Invok: Depart the Abyss  |     1 |       |       |       ||     1
  Use: Scroll            |     3 |     3 |     4 |       ||    10
       Potion            |       |     2 |     1 |       ||     3
 Stab: Sleeping          |     4 |       |       |       ||     4
Armor: Leather armour    |    28 |     4 |       |       ||    32
       Chain mail        |       |    57 |    31 |       ||    88
       Plate armour      |       |       |   213 |    31 ||   244
Dodge: Dodged            |    74 |    41 |   132 |     9 ||   256
Block: Kite shield       |       |       |    87 |    13 ||   100

Table legend: (Time is in decaauts)
 A = Elapsed time spent in this place.
 B = Non-inter-level travel time spent in this place.
 C = Inter-level travel time spent in this place.
 D = Time resting spent in this place.
 E = Time spent auto-exploring this place.
 F = Levels seen in this place.
 G = Mean time per level.
                   A        B        C        D        E       F      G
               +--------+--------+--------+--------+--------+-----+--------+
         Total |   9219 |   8724 |    495 |    786 |   6293 |   9 | 1024.3 |
       Dungeon |   9071 |   8576 |    495 |    786 |   6165 |   8 | 1133.9 |
         Abyss |    148 |    148 |      0 |      0 |    128 |   1 |  148.0 |
               +--------+--------+--------+--------+--------+-----+--------+

Top non-repeatable levels by time:
     D:3: 1544 daAuts
     D:8: 1505 daAuts
     D:1: 1238 daAuts
     D:2: 982 daAuts
     D:6: 965 daAuts
     D:5: 960 daAuts
     D:4: 949 daAuts
     D:7: 925 daAuts
 Abyss:1: 148 daAuts
